 Dungeon Crawl Stone Soup version 0.26-a0-812-g31a745ddcd (webtiles) character file.

Game seed: 4221081169371642940

1776 vishdafish the Cudgeller (level 8, -1/67 HPs)
             Began as a Troll Earth Elementalist on Nov 30, 2020.
             Slain by a centaur (7 damage)
             ... on level 6 of the Dungeon.
             The game lasted 00:11:03 (4099 turns).

vishdafish the Cudgeller (Troll Earth Elementalist) Turns: 4099, Time: 00:11:05

Health: -1/67      AC:  8    Str: 34    XL:     8   Next: 81%
Magic:  9/11       EV: 12    Int: 13    God:
Gold:   332        SH:  0    Dex: 12    Spells: 9/13 levels left

rFire    + . .     SeeInvis .   d - +2 flail of Ezug {vorpal, rPois rF+ Str+5 Dex+2} (curse)
rCold    . . .     Faith    .   (no shield)
rNeg     . . .     Spirit   .   c - +0 robe
rPois    +         Reflect  .   y - +2 hat
rElec    .         Harm     .   (no cloak)
rCorr    .         Rampage  .   (gloves unavailable)
MR       +....                  (boots unavailable)
Stlth    ++........             (no amulet)
HPRegen  0.61/turn              i - +6 ring of strength
MPRegen  0.12/turn              s - +6 ring of strength

@: attractive
A: large, unfitting armour, claws 3, talons 1, magic resistance 1, regeneration
1, shaggy fur 1, tough skin 3
a: no special abilities


You were on level 6 of the Dungeon.
You visited 1 branch of the dungeon, and saw 6 of its levels.
You also visited: Sewer and Ossuary.

You collected 332 gold pieces.

Inventory:

Hand Weapons
 d - the cursed +2 flail of Ezug (weapon) {vorpal, rPois rF+ Str+5 Dex+2}
   (You found it on level 4 of the Dungeon)

   It inflicts extra damage upon your enemies.
   It affects your strength (+5).
   It affects your dexterity (+2).
   It protects you from fire.
   It protects you from poison.
   It has a curse placed upon it.
Missiles
 b - 244 stones (quivered)
 j - 3 javelins
Armour
 c - a +0 robe (worn)
 y - a +2 hat (worn)
Jewellery
 i - a +6 ring of strength (left claw)
 s - a +6 ring of strength (right claw)
 u - a +4 ring of evasion
 w - a +6 ring of dexterity
Wands
 r - a wand of flame (15)
Scrolls
 a - a scroll of fog
 f - a scroll of random uselessness
 g - a scroll of remove curse
 h - 3 scrolls of enchant weapon
 k - 6 scrolls of teleportation
 l - a scroll of magic mapping {unknown}
 m - 2 scrolls of blinking {unknown}
 n - a scroll of fear {unknown}
 o - a scroll of enchant armour {unknown}
 p - 3 scrolls of immolation {unknown}
 t - a scroll of amnesia {unknown}
Potions
 e - 2 potions of attraction
 q - a potion of flight {unknown}
 v - 2 potions of curing {unknown}
 x - 2 potions of brilliance {unknown}
 z - 2 potions of might {unknown}
 A - 3 potions of lignification {unknown}
 B - 2 potions of haste {unknown}


   Skills:
 * Level 6.9 Maces & Flails
 + Level 5.0 Dodging
 - Level 1.0 Stealth
 - Level 3.0 Spellcasting
 + Level 2.4 Conjurations
   Level 0.6 Transmutations
 - Level 3.1 Earth Magic


You had 9 spell levels left.
You knew the following spells:

 Your Spells              Type           Power        Failure   Level
a - Sandblast             Erth           ##....       6%          1
b - Stone Arrow           Conj/Erth      #.....       22%         3

Your spell library contained the following spells:

 Spells                   Type           Power        Failure   Level
 Passwall                 Tmut/Erth      #.......     16%         2
 Petrify                  Tmut/Erth      #.......     71%         4
 Lee's Rapid Deconstruct  Erth           ##........   86%         5
 Cause Fear               Hex            #.........   92%         4
 Silence                  Hex/Air        #.........   99%         5
 Yara's Violent Unravell  Hex/Tmut       #.........   99%         5
 Discord                  Hex            #.........   100%        8


Dungeon Overview and Level Annotations

Branches:
Dungeon (6/15)              Sewer (visited)         Ossuary (visited)
 Temple: D:4-7

Altars:
Ashenzari
Wu Jian
Beogh

Shops:
D:5 *


Innate Abilities, Weirdness & Mutations

You are too large for most types of armour.
You have claws for hands.
Your natural rate of healing is unusually fast.
You are covered in fur. (AC +1)
You have extremely tough skin. (AC +3)
You have sharp toenails.
You are resistant to hostile enchantments. (MR+)


Message History

The arrow hits you.
The centaur unwields a +0 shortbow.
The centaur hits you!
You barely miss the centaur. You claw the centaur!
The centaur is moderately wounded.
The centaur hits you.
* * * LOW HITPOINT WARNING * * *
You sock the centaur! You claw the centaur.
The centaur is almost dead.
The centaur hits you!
* * * LOW HITPOINT WARNING * * *
It was a potion of attraction.
You feel attractive to monsters.
The centaur hits you but does no damage.
The centaur unwields a +0 shortbow.
The centaur closely misses you.
You hit the centaur.
You kill the centaur!
Your Dodging skill increases to level 5!
The centaur hits you.
* * * LOW HITPOINT WARNING * * *
The centaur hits you!
You die...

# ##### #.# ##.
#...# ###<### ..
..##+.8.###......
.###
#..#...#........
#...
#.#...#.#......
#...
###).8.'.#......
.###...
##..#...#.#######
#cc.l..##...#...#.#
#......#@.)#+.8.#.#
#......c).###...#..
########### #######


You could see a centaur.

Vanquished Creatures
  The ghost of kae the Gusty, a novice VSAE (D:5)
  A wyvern (D:6)
  An orc warrior (D:5)
  Purgy (Sewer)
  A black bear (D:6)
  A centaur (D:6)
  An ogre (D:6)
  A big kobold (D:4)
  A bullfrog (D:6)
  2 water moccasin zombies (Ossuary)
  2 howler monkeys
  A quasit (D:4)
  A centaur zombie (D:5)
  3 orc priests
  3 orc wizards
  An iguana (D:5)
  4 worker ants
  4 big kobold zombies (Ossuary)
  A hound skeleton (D:5)
  2 mummies (Ossuary)
  4 adders
  A white imp (D:5)
  An ooze (D:2)
  An adder zombie (Ossuary)
  An adder skeleton (D:4)
  2 worms (D:2)
  3 leopard geckos
  23 orcs
  A ball python (D:4)
  10 giant cockroaches
  A goblin (D:3)
  5 hobgoblins
  A quokka (D:4)
  A ball python skeleton (D:4)
  7 bats
  8 frilled lizards
  3 gnoll zombies (Ossuary)
  4 hobgoblin zombies (Ossuary)
  6 kobolds
  4 kobold zombies (Ossuary)
  A leopard gecko skeleton (D:4)
  A leopard gecko zombie (D:6)
  4 orc zombies (Ossuary)
  4 rats
130 creatures vanquished.

Vanquished Creatures (others)
  An orc (D:5)
1 creature vanquished.

Grand Total: 131 creatures vanquished

Notes
Turn   | Place    | Note
-------+----------+-------------------------------------------
     0 | D:1      | vishdafish the Troll Earth Elementalist began the quest for
                  | the Orb.
     0 | D:1      | Reached XP level 1. HP: 16/16 MP: 1/1
   185 | D:1      | Reached XP level 2. HP: 24/24 MP: 3/3
   379 | D:2      | Found an ornate altar of the Wu Jian Council.
   630 | D:2      | Reached XP level 3. HP: 31/31 MP: 4/4
  1516 | D:4      | Got an ivory flail
  1517 | D:4      | Identified the cursed +2 flail of Ezug {vorpal, rPois rF+
                  | Str+5 Dex+2} (You found it on level 4 of the Dungeon)
  1554 | D:4      | Reached skill level 1 in Maces & Flails
  1554 | D:4      | Reached XP level 4. HP: 3/39 MP: 1/5
  1641 | D:4      | Noticed a phantom
  1673 | D:3      | Reached skill level 2 in Maces & Flails
  1673 | D:3      | Reached XP level 5. HP: 19/45 MP: 3/7
  1740 | D:3      | Learned a level 3 spell: Stone Arrow
  1857 | D:4      | Found a glowing drain.
  1864 | Sewer    | Entered a sewer
  1997 | Sewer    | Noticed Purgy
  2013 | Sewer    | Killed Purgy
  2013 | Sewer    | Reached skill level 3 in Maces & Flails
  2013 | Sewer    | Reached XP level 6. HP: 33/53 MP: 8/8
  2124 | D:4      | Found a broken altar of Ashenzari.
  2774 | D:5      | Entered Level 5 of the Dungeon
  2798 | D:4      | Reached skill level 4 in Maces & Flails
  2798 | D:4      | Reached XP level 7. HP: 15/59 MP: 9/9
  2915 | D:5      | Found a sand-covered staircase.
  2932 | Ossuary  | Entered an ossuary
  3026 | Ossuary  | HP: 1/59 [water moccasin zombie (4)]
  3224 | Ossuary  | Gained mutation: You are dopey. (Int -2) [potion of
                  | mutation]
  3224 | Ossuary  | Gained mutation: You are partially covered in molten
                  | scales. (AC +2) [potion of mutation]
  3225 | Ossuary  | Lost mutation: You are partially covered in molten scales.
                  | (AC +2) [potion of mutation]
  3225 | Ossuary  | Lost mutation: You are dopey. (Int -2) [potion of mutation]
  3225 | Ossuary  | Gained mutation: You are clumsy. (Dex -2) [potion of
                  | mutation]
  3225 | Ossuary  | Gained mutation: You evolve. [potion of mutation]
  3225 | Ossuary  | Gained mutation: You are frail. (-10% HP) [potion of
                  | mutation]
  3225 | Ossuary  | Gained mutation: Your mind is acute. (Int +2) [potion of
                  | mutation]
  3226 | Ossuary  | Lost mutation: You are clumsy. (Dex -2) [potion of
                  | mutation]
  3226 | Ossuary  | Lost mutation: You are frail. (-10% HP) [potion of
                  | mutation]
  3226 | Ossuary  | Lost mutation: Your mind is acute. (Int +2) [potion of
                  | mutation]
  3226 | Ossuary  | Lost mutation: You evolve. [potion of mutation]
  3226 | Ossuary  | Gained mutation: You are resistant to hostile enchantments.
                  | (MR+) [potion of mutation]
  3226 | Ossuary  | Gained mutation: You have sharp toenails. [potion of
                  | mutation]
  3271 | D:5      | Found Ryeffet's Elemental Accessories.
  3465 | D:5      | Found a runed translucent gate.
  3465 | D:5      | Identified the cursed +1 long sword of the Extremes
                  | {vorpal, *Rage Int+4 Dex+3}
  3467 | D:5      | Noticed kae's ghost (novice VSAE)
  3522 | D:5      | Found a runed translucent gate.
  3527 | D:5      | Reached skill level 5 in Maces & Flails
  3530 | D:5      | Found a runed translucent gate.
  3531 | D:5      | Found a roughly hewn altar of Beogh.
  3566 | D:5      | Killed kae's ghost
  3566 | D:5      | Reached skill level 1 in Conjurations
  3566 | D:5      | Reached XP level 8. HP: 59/67 MP: 11/11
  3928 | D:6      | Reached skill level 6 in Maces & Flails
  4099 | D:6      | Reached skill level 5 in Dodging
  4099 | D:6      | Slain by a centaur

Illustrated notes

Levels and vault maps discovered:
D:1:      dpeg_arrival_rhombus, layout_rooms
D:2:      layout_loops_cross, overflow_temple_1_default
D:3:      layout_rooms
D:4:      minmay_angry_zag, layout_basic, gup_sewer_entry_pipe,
          cheibrodos_ashenzari_chains
D:5:      layout_basic, nicolae_ossuary_entry_ruins, biasface_ghost_orc_armoury,
          nicolae_elemental_shop
D:6:      minmay_chambers_of_threes, layout_basic,
          minmay_temple_entry_drinking_statues, nicolae_ru_sacrificial_ziggurat,
          uniq_blork_the_orc

Skill      XL: |  1  2  3  4  5  6  7  8 |
---------------+-------------------------+-----
Dodging        | 2 3 4 5 |  5.0
Earth Magic    | 3 |  3.1
Maces & Flails | 1 2 3 4 5 6 |  6.9
Spellcasting   | 2 3 |  3.0
Conjurations   | 1 2 |  2.4
Stealth        | |  1.0
Transmutations | |  0.6

Action                   |  1- 3 |  4- 6 |  7- 9 || total
-------------------------+-------+-------+-------++-------
Melee: Unarmed           |   112 |       |       ||   112
       Flail             |    14 |   137 |   197 ||   348
       Kick              |       |       |    32 ||    32
 Cast: Sandblast         |     4 |     6 |       ||    10
       Stone Arrow       |       |     1 |     3 ||     4
  Use: Scroll            |     6 |     1 |     1 ||     8
       Potion            |       |     1 |     5 ||     6
 Stab: Sleeping          |     1 |     2 |     1 ||     4
Armor: Robe              |    54 |   102 |    69 ||   225
Dodge: Dodged            |    65 |   139 |    91 ||   295

Table legend: (Time is in decaauts)
 A = Elapsed time spent in this place.
 B = Non-inter-level travel time spent in this place.
 C = Inter-level travel time spent in this place.
 D = Time resting spent in this place.
 E = Time spent auto-exploring this place.
 F = Levels seen in this place.
 G = Mean time per level.
                   A        B        C        D        E       F      G
               +--------+--------+--------+--------+--------+-----+--------+
         Total |   4188 |   4107 |     81 |    644 |   2299 |   8 |  523.5 |
       Dungeon |   3619 |   3538 |     81 |    547 |   2084 |   6 |  603.2 |
         Sewer |    252 |    252 |      0 |     10 |    157 |   1 |  252.0 |
       Ossuary |    317 |    317 |      0 |     87 |     58 |   1 |  317.0 |
               +--------+--------+--------+--------+--------+-----+--------+

Top non-repeatable levels by time:
     D:4: 1184 daAuts
     D:2: 651 daAuts
     D:5: 648 daAuts
     D:3: 559 daAuts
     D:1: 378 daAuts
 Ossuary: 317 daAuts
   Sewer: 252 daAuts
     D:6: 196 daAuts
